 Dungeon Crawl Stone Soup version 0.29.0-13-gc9e81de378 (webtiles) character file.

Game seed: 15410556550844798847

23617 DoubleLucky the Thaumaturge (level 12, -3/106 HPs)
             Began as a Green Draconian Fire Elementalist on Sept 10, 2022.
             Was an Elder of Vehumet.
             Slain by an eight-headed hydra (10 damage)
             ... on level 2 of the Lair of Beasts.
             The game lasted 01:27:52 (19147 turns).

DoubleLucky the Thaumaturge (DrFE)                 Turns: 19147, Time: 01:27:52

Health: -3/106     AC: 10    Str: 11    XL:     12   Next: 73%
Magic:  24/28      EV: 10    Int: 19    God:    Vehumet [****..]
Gold:   771        SH: 10    Dex: 13    Spells: 13/35 levels left

rFire   + . .      SeeInvis .   v - +0 dagger (speed)
rCold   x . .      Faith    .   G - +0 kite shield
rNeg    . . .      Spirit   .   (body armour unavailable)
rPois   +          Reflect  .   (helmet restricted)
rElec   .          Harm     .   k - +0 cloak
rCorr   .          Rampage  .   (no gloves)
Will    .....                   j - +0 pair of boots
Stlth   ++........              E - amulet of magic regeneration
HPRegen 0.27/turn               c - ring of fire
MPRegen 0.61/turn               z - +4 ring of slaying

@: no status effects
A: breathe noxious fumes, AC +8, unfitting armour, poison resistance,
cold-blooded
a: Breathe Noxious Fumes, Renounce Religion


You were on level 2 of the Lair of Beasts.
You worshipped Vehumet.
Vehumet was greatly pleased with you.
You visited 3 branches of the dungeon, and saw 15 of its levels.

You collected 771 gold pieces.

Inventory:

Hand Weapons
 v - a +0 dagger of speed (weapon)
Missiles
 F - a throwing net
Armour
 j - a +0 pair of boots (worn)
 k - a +0 cloak (worn)
 G - a +0 kite shield (worn)
 H - a +0 buckler
Jewellery
 c - a ring of fire (left hand)
 w - a ring of flight
 z - a +4 ring of slaying (right hand)
 E - an amulet of magic regeneration (around neck)
 L - an amulet of the acrobat
Wands
 f - a wand of mindburst (17)
 p - a wand of roots (14)
 K - a wand of flame (8)
Scrolls
 b - 4 scrolls of teleportation
 e - 2 scrolls of noise {unknown}
 i - a scroll of blinking
 m - 2 scrolls of enchant armour
 n - 2 scrolls of immolation {unknown}
 r - a scroll of summoning
 s - 2 scrolls of magic mapping
 t - a scroll of enchant weapon {unknown}
 u - a scroll of fear {unknown}
 x - a scroll of silence {unknown}
 y - 2 scrolls of fog {unknown}
 C - 2 scrolls of amnesia {unknown}
 J - a scroll of acquirement {unknown}
Potions
 a - 3 potions of magic
 d - 2 potions of attraction
 g - 2 potions of might
 h - 5 potions of flight
 l - 3 potions of lignification
 o - a potion of resistance
 q - 3 potions of curing
 A - 3 potions of mutation
 B - a potion of degeneration {unknown}
 D - 3 potions of haste {unknown}
 I - a potion of cancellation {unknown}


   Skills:
 - Level 10.0 Fighting
 - Level 1.7 Dodging
 - Level 1.7 Stealth
 + Level 8.0 Shields
 - Level 12.0 Spellcasting
 - Level 7.0 Conjurations
 - Level 5.0 Hexes
 - Level 8.0 Fire Magic
 - Level 4.0 Air Magic
 - Level 4.0 Poison Magic


You had 13 spell levels left.
You knew the following spells:

 Your Spells              Type           Power      Damage    Failure   Level
a - Foxfire               Conj/Fire      100%       2x1d9     1%          1
b - Scorch                Fire           100%       2d10      1%          2
c - Conjure Flame         Conj/Fire      56%        6-21      1%          3
d - Inner Flame           Hex/Fire       53%        N/A       1%          3
e - Mephitic Cloud        Conj/Pois/Air  30%        N/A       1%          3
f - Searing Ray           Conj           76%        2d7       1%          2
g - Poisonous Vapours     Pois/Air       52%        N/A       1%          2
h - Ignite Poison         Fire/Tmut/Pois 39%        N/A       2%          3
i - Stone Arrow           Conj/Erth      48%        3d10      3%          3

Your spell library contained the following spells:

 Spells                   Type           Power      Damage    Failure   Level
 Olgreb's Toxic Radiance  Pois           26%        N/A       8%          4
 Flame Wave               Conj/Fire      56%        2d13      1%          4
 Sticky Flame             Conj/Fire      56%        2d7       1%          4
 Apportation              Tloc           22%        N/A       14%         1
 Beastly Appendage        Tmut           22%        N/A       14%         1
 Necrotise                Necr           44%        1d6       14%         1
 Summon Small Mammal      Summ           44%        N/A       14%         1
 Spider Form              Tmut/Pois      19%        N/A       19%         3
 Sublimation of Blood     Necr           11%        N/A       22%         2
 Wereblood                Tmut           11%        N/A       22%         2
 Freezing Cloud           Conj/Ice/Air   12%        6-21      24%         5
 Irradiate                Conj/Tmut      12%        3d15      24%         5
 Gell's Gravitas          Tloc           11%        N/A       41%         3
 Lesser Beckoning         Tloc           11%        N/A       41%         3
 Teleport Other           Tloc           11%        N/A       41%         3
 Corpse Rot               Necr/Pois/Air  21%        N/A       45%         4
 Petrify                  Tmut/Erth      11%        N/A       82%         4
 Alistair's Intoxication  Tmut/Pois      12%        N/A       87%         5
 Eringya's Noxious Bog    Tmut/Pois      9%         N/A       90%         6
 Borgnjor's Vile Clutch   Necr/Erth      5%         N/A       99%         5
 Manifold Assault         Tloc           11%        N/A       99%         5
 Dispersal                Tloc           5%         N/A       100%        6
 Chain Lightning          Conj/Air       16%        3d21      100%        9
 Fire Storm               Conj/Fire      28%        8d7       100%        9
 Shatter                  Erth           5%         3d8*      100%        9


Dungeon Overview and Level Annotations

Branches:
Dungeon (12/15)            Temple (1/1) D:6            Lair (2/5) D:10
    Orc (0/2) D:9
  Swamp: Lair:2-3    Shoals: Lair:2-3     Snake: Lair:2-3    Spider: Lair:2-3

Altars:
Ashenzari
Cheibriados
Dithmenos
Elyvilon
Fedhas
Gozag
Hepliaklqana
Kikubaaqudgha
Makhleb
Nemelex Xobeh
Okawaru
Qazlal
Ru
Sif Muna
Trog
Uskayaw
Vehumet
Wu Jian
Xom
Yredelemnul
Zin
The Shining One

Annotations:
D:5 1 runed translucent door, Iidacon's ghost, novice GnWn
D:10 2 exclusions, Urug
D:11 2 transporters, exclusions: orange crystal statue and orange demon, Amaemon; DoubleLucky's ghost, journeyman DrFE
D:12 exclusions: door and 2 more exclusions, Erolcha


Innate Abilities, Weirdness & Mutations

You can breathe blasts of noxious fumes.
Your lurid green scales are hard. (AC +8)
You cannot fit into any form of body armour.
Your system is resistant to poisons. (rPois)
You are cold-blooded and may be slowed by cold attacks.


Message History

Flame seeps out of the eight-headed hydra.
Casting: Foxfire (safe; 1% risk of failure)
Confirm with . or Enter, or press ? or * to list all spells.
You feel a surge of power!
You conjure some foxfire!
The blink frog blinks!
The eight-headed hydra bites you! The eight-headed hydra bites you.
You block the eight-headed hydra's attack.
The eight-headed hydra bites you. x2
You block the eight-headed hydra's attack.
The eight-headed hydra misses you. The eight-headed hydra bites you.
Your foxfire dissipates!
The foxfire hits the eight-headed hydra!
Flame seeps out of the eight-headed hydra.
The eight-headed hydra is severely wounded.
The blink frog blinks! x2
The eight-headed hydra is engulfed in blazing flames.
Flame seeps out of the eight-headed hydra.
Casting: Foxfire (safe; 1% risk of failure)
Confirm with . or Enter, or press ? or * to list all spells.
You feel a surge of power!
You conjure some foxfire!
The eight-headed hydra bites you!
You block the eight-headed hydra's attack.
The eight-headed hydra bites you.
The eight-headed hydra closely misses you.
The eight-headed hydra barely misses you.
The eight-headed hydra bites you! The eight-headed hydra bites you.
The eight-headed hydra closely misses you.
The blink frog blinks!
The eight-headed hydra attacks as you move away!
You block the eight-headed hydra's attack.
The eight-headed hydra bites you.
The eight-headed hydra bites you but does no damage.
The eight-headed hydra bites you!
* * * LOW HITPOINT WARNING * * *
The eight-headed hydra bites you!
* * * LOW HITPOINT WARNING * * *
The eight-headed hydra bites you!
* * * LOW HITPOINT WARNING * * *
You block the eight-headed hydra's attack.
The eight-headed hydra bites you!
You die...

#.....#######..##..
#....#.#.###... #.#
##.............P...
#.............P..#
#.............(...
#.......>........#
#.............##..
#.v#.#.P...... ###
#@v.##.#.#.... .
#D#....###.... #
#°.##...# .. . #.##
...... . ##.# ..#..
#..# .## . #..# #
#..# ##..#


You could see an eight-headed hydra (inner flame, ally target).

Vanquished Creatures
  Josephine (D:10)
  3 hydras
  3 two-headed ogres
  A boulder beetle (D:12)
  A deep elf pyromancer (D:12)
  3 gargoyles
  Maggie (D:8)
  2 cane toads (Lair:1)
  6 komodo dragons
  3 trolls
  A hornet (D:10)
  A polar bear (Lair:2)
  Grinder (D:4)
  3 blink frogs (Lair:1)
  2 slime creatures
  29 yaks
  A shadow (D:11)
  3 wyverns
  8 wraiths
  2 basilisks
  3 vampire mosquitoes (D:12)
  3 acid dragons
  5 water moccasins
  5 orc warriors
  2 black bears
  6 ogres
  12 wolves
  6 centaurs
  3 kobold brigands
  A phantom (D:6)
  5 bullfrogs
  2 gnoll sergeants
  2 scorpions (D:7)
  A necrophage (D:6)
  7 wights
  5 killer bees (D:11)
  3 electric eels (D:10)
  4 howler monkeys
  3 hounds
  5 orc priests
  6 iguanas
  Crazy Yiuf (D:3)
  Natasha (thrice) (D:4)
  10 orc wizards
  10 gnolls
  5 adders
  4 white imps
  2 ufetubi
  2 worms
  2 dart slugs
  46 orcs
  4 bats
  8 endoplasms
  7 giant cockroaches
  6 goblins
  8 hobgoblins
  A jackal (D:12)
  5 quokkas
  2 ball pythons (D:2)
  6 frilled lizards
  21 kobolds
  6 rats
323 creatures vanquished.

Vanquished Creatures (collateral kills)
  A foxfire (D:3)
1 creature vanquished.

Vanquished Creatures (others)
  945 foxfires
  6 fungi
  23 plants
974 creatures vanquished.

Grand Total: 1298 creatures vanquished

Notes
Turn   | Place    | Note
-------+----------+-------------------------------------------
     0 | D:1      | DoubleLucky the Draconian Fire Elementalist began the quest
                  | for the Orb.
     0 | D:1      | Reached XP level 1. HP: 14/14 MP: 3/3
   177 | D:1      | Reached XP level 2. HP: 20/20 MP: 0/5
  1191 | D:1      | Found a faded altar of an unknown god.
  1397 | D:2      | Learned a level 2 spell: Scorch
  1404 | D:2      | Reached XP level 3. HP: 26/26 MP: 4/6
  1854 | D:2      | Reached skill level 3 in Spellcasting
  2071 | D:2      | Reached XP level 4. HP: 32/33 MP: 4/8
  2278 | D:2      | Learned a level 3 spell: Conjure Flame
  2282 | D:2      | Learned a level 3 spell: Inner Flame
  2503 | D:3      | Reached skill level 1 in Hexes
  2774 | D:3      | Found a runed translucent door.
  2775 | D:3      | Noticed Crazy Yiuf
  2789 | D:3      | Killed Crazy Yiuf
  2790 | D:3      | Reached XP level 5. HP: 38/38 MP: 5/10
  3690 | D:4      | Noticed Natasha
  3695 | D:4      | Killed Natasha
  3731 | D:4      | Reached skill level 4 in Spellcasting
  3736 | D:4      | Noticed Natasha
  3747 | D:4      | Killed Natasha
  3748 | D:4      | Reached XP level 6. HP: 43/45 MP: 6/12
  3757 | D:4      | Noticed Grinder
  3770 | D:4      | Killed Grinder
  3771 | D:4      | Reached skill level 5 in Spellcasting
  3982 | D:4      | Noticed Natasha
  3989 | D:4      | Killed Natasha
  4009 | D:4      | Your scales start taking on a lurid green colour.
  4009 | D:4      | Reached XP level 7. HP: 39/50 MP: 7/15
  4009 | D:4      | Gained mutation: Your system is resistant to poisons.
                  | (rPois) [Green Draconian growth]
  4341 | D:4      | Found a white marble altar of Elyvilon.
  4479 | D:5      | Entered Level 5 of the Dungeon
  4707 | D:5      | Found a runed translucent door.
  4708 | D:5      | Noticed Iidacon's ghost (novice GnWn)
  4774 | D:5      | Reached skill level 6 in Spellcasting
  5983 | D:6      | Reached skill level 5 in Fire Magic
  6117 | D:6      | Reached XP level 8. HP: 57/57 MP: 11/17
  6269 | D:6      | Found a broken altar of Ashenzari.
  6305 | D:6      | Found a staircase to the Ecumenical Temple.
  6315 | Temple   | Entered the Ecumenical Temple
  6438 | Temple   | Became a worshipper of Vehumet
  6779 | D:6      | Found a basalt altar of Yredelemnul.
  6894 | D:6      | Learned a level 3 spell: Mephitic Cloud
  7507 | D:7      | Noticed an eight-headed hydra
  7513 | D:7      | Killed an eight-headed hydra
  7514 | D:7      | Reached skill level 5 in Hexes
  7514 | D:7      | Reached skill level 8 in Spellcasting
  7514 | D:7      | Reached XP level 9. HP: 62/62 MP: 6/21
  7836 | D:7      | Reached skill level 1 in Air Magic
  8272 | D:8      | Noticed Maggie
  8486 | D:8      | Noticed a two-headed ogre
  8492 | D:8      | Killed a two-headed ogre
  8566 | D:8      | Killed Maggie
  8845 | D:8      | Reached XP level 10. HP: 54/80 MP: 9/22
  8976 | D:8      | Reached * piety under Vehumet
  8976 | D:8      | Offered knowledge of Magic Dart by Vehumet.
  8977 | D:8      | Reached skill level 5 in Conjurations
  9100 | D:8      | Found an iron altar of Okawaru.
  9164 | D:8      | Reached skill level 9 in Spellcasting
  9403 | D:8      | Reached skill level 10 in Spellcasting
 10047 | D:9      | Reached ** piety under Vehumet
 10114 | D:9      | Offered knowledge of Searing Ray by Vehumet.
 10118 | D:9      | Learned a level 2 spell: Searing Ray
 10210 | D:9      | Reached XP level 11. HP: 85/85 MP: 11/25
 10322 | D:9      | Noticed a two-headed ogre
 10326 | D:9      | Killed a two-headed ogre
 10585 | D:9      | You fall into a shaft and drop 3 floors!
 10606 | D:12     | Noticed Erolcha
 10610 | D:12     | Found a gate leading to a gauntlet.
 10631 | D:12     | Reached skill level 5 in Fighting
 11222 | D:11     | Found a transporter.
 11544 | D:11     | Offered knowledge of Poisonous Vapours by Vehumet.
 11615 | D:11     | Learned a level 2 spell: Poisonous Vapours
 11619 | D:11     | Learned a level 3 spell: Ignite Poison
 11841 | D:11     | Reached *** piety under Vehumet
 11977 | D:11     | Noticed an orange crystal statue
 12068 | D:11     | Noticed an ice dragon
 12070 | D:11     | Noticed DoubleLucky's ghost (journeyman DrFE)
 12075 | D:11     | Noticed a two-headed ogre
 12095 | D:11     | Killed a two-headed ogre
 12536 | D:11     | Noticed Amaemon
 12684 | D:10     | Entered Level 10 of the Dungeon
 12691 | D:10     | Noticed Josephine
 12705 | D:10     | Killed Josephine
 13136 | D:9      | Found a staircase to the Orcish Mines.
 13543 | D:10     | Offered knowledge of Stone Arrow by Vehumet.
 13879 | D:10     | Found a staircase to the Lair.
 14402 | D:10     | Noticed Urug
 14485 | D:10     | Reached skill level 10 in Fighting
 15259 | D:10     | Learned a level 3 spell: Stone Arrow
 15416 | D:12     | Noticed a boulder beetle
 15427 | D:12     | Killed a boulder beetle
 15652 | D:12     | Noticed a deep elf pyromancer
 15659 | D:12     | Killed a deep elf pyromancer
 15660 | D:12     | Reached XP level 12. HP: 104/106 MP: 24/26
 16216 | D:11     | Found a transporter.
 16238 | D:11     | Identified the +1 leather armour of Rotten Brilliance {rC+
                  | Str+7 Int+4 Dex-5}
 16610 | D:12     | Found a sacrificial altar of Ru.
 17184 | Lair:1   | Entered Level 1 of the Lair of Beasts
 17202 | Lair:1   | Reached skill level 5 in Shields
 17202 | Lair:1   | Noticed an eight-headed hydra
 17207 | Lair:1   | Killed an eight-headed hydra
 17208 | Lair:1   | Noticed a six-headed hydra
 17496 | Lair:1   | Reached skill level 11 in Spellcasting
 17504 | Lair:1   | Reached **** piety under Vehumet
 17869 | Lair:1   | Noticed a four-headed hydra
 17876 | Lair:1   | Killed a four-headed hydra
 17877 | Lair:1   | Reached skill level 12 in Spellcasting
 17926 | Lair:1   | Got the Disquisition on the Dislocated Coals
 18499 | Lair:2   | Offered knowledge of Olgreb's Toxic Radiance by Vehumet.
 18634 | Lair:1   | HP: 2/106 [komodo dragon (24)]
 19134 | Lair:2   | Noticed an eight-headed hydra
 19147 | Lair:2   | Slain by an eight-headed hydra

Illustrated notes

Levels and vault maps discovered:
D:1:      wander_arrival_desolate, layout_loops_ring,
          shapermc_ecumenical_altar_mp_urbaneastern, minmay_pentomino_s2
D:2:      wad_lake_hut, layout_basic
D:3:      layout_basic, serial_bayou_lake_a, uniq_crazy_yiuf_cottage
D:4:      layout_rooms, elyvilon_altar_4, uniq_natasha, uniq_grinder
D:5:      layout_cave_pools, ebering_ghost_reflecting_pool,
          minmay_misc_feat_diagonals
D:6:      layout_basic, ashenzari_altar_1, marbit_many_paths,
          minmay_temple_entry_stoned_glass, serial_glass, glass_columns_a,
          glass_columns_a, minivault_25
D:7:      lemuel_ice_spiral_2, layout_basic, serial_bayou_pond_a,
          minmay_microvault
D:8:      layout_basic, mainiacjoe_overflow_catwalk, uniq_maggie
D:9:      layout_cross, kennysheep_orc_monster_closet_entryway
D:10:     layout_basic, erik_lair_island, uniq_josephine, uniq_urug
D:11:     layout_basic, gammafunk_ghost_berserking_beasts,
          hangedman_abyss_or_decor_jellyfish_corner, minivault_15,
          grunt_ogre_cave, uniq_amaemon
D:12:     layout_roguey, gauntlet_entry_generic,
          nicolae_ru_great_annihilating_truth, uniq_erolcha
Temple:   mainiacjoe_temple_coin_purse
Lair:1:   layout_long_grid, grunt_megastairs_5
Lair:2:   layout_regular_city, spider_nest_entry_webs, st_stairs_9,
          beast_lair_carwin_4

Skill      XL: |  1  2  3  4  5  6  7  8  9 10 11 12 |
---------------+-------------------------------------+-----
Conjurations   | 2 3 4 7 |  7.0
Spellcasting   | 3 4 5 6 8 10 12 | 12.0
Hexes          | 1 3 5 |  5.0
Fire Magic     | 5 6 7 8 |  8.0
Poison Magic   | 4 |  4.0
Air Magic      | 4 |  4.0
Fighting       | 4 10 | 10.0
Shields        | 3 8 |  8.0
Dodging        | |  1.7
Stealth        | |  1.7

Action                   |  1- 3 |  4- 6 |  7- 9 | 10-12 || total
-------------------------+-------+-------+-------+-------++-------
Melee: Whip              |     9 |       |       |       ||     9
       Tailslap          |     8 |     2 |     2 |     1 ||    13
       Dagger            |    38 |    29 |    12 |     2 ||    81
 Cast: Foxfire           |    60 |    63 |   142 |   289 ||   554
       Scorch            |       |    16 |    44 |   125 ||   185
       Inner Flame       |       |     2 |     8 |   143 ||   153
       Mephitic Cloud    |       |       |     1 |       ||     1
       Conjure Flame     |       |       |       |     3 ||     3
       Poisonous Vapours |       |       |       |     4 ||     4
       Stone Arrow       |       |       |       |     1 ||     1
       Searing Ray       |       |       |       |     1 ||     1
 Abil: Breathe Noxious F |       |       |       |     1 ||     1
Evoke: Wand              |       |       |       |     1 ||     1
  Use: Scroll            |       |       |     8 |    12 ||    20
       Potion            |       |       |       |     3 ||     3
Armor: Skin              |     8 |    15 |    12 |    42 ||    77
Dodge: Dodged            |    33 |    26 |    25 |    76 ||   160
Block: Kite shield       |       |       |       |    29 ||    29
